 Dungeon Crawl Stone Soup version 0.25-a0-665-ga69d640 (webtiles) character file.

Game seed: 10631581815395796091, levelgen mode: deterministic

3766 Faca the Fighter (level 10, -4/86 HPs)
             Began as a Human Fighter on Mar 26, 2020.
             Was an Elder of Okawaru.
             Slain by a two-headed ogre
             ... wielding a +0 giant spiked club
              (7 damage)
             ... while petrified by a basilisk
             ... on level 8 of the Dungeon.
             The game lasted 00:17:44 (9935 turns).

Faca the Fighter (Human Fighter)                    Turns: 9935, Time: 00:17:44

Health: -4/86      AC: 10    Str: 20    XL:     10   Next: 38%
Magic:  10/10      EV:  2    Int:  8    God:    Okawaru [****..]
Gold:   392        SH:  0    Dex: 15    Spells: 9/9 levels left

rFire    . . .     SeeInvis .   a - +1 long sword
rCold    + . .     Gourm    .   c - +1 kite shield
rNeg     + + +     Faith    +   l - +0 chain mail
rPois    ∞         Spirit   .   (no helmet)
rElec    .         Reflect  .   e - +0 cloak {rPois}
rCorr    .         Harm     .   (no gloves)
MR       .....                  (no boots)
Stlth    ..........             r - amulet of faith
HPRegen  0.24/turn              p - +2 ring of dexterity
MPRegen  0.12/turn              i - ring of protection from cold

@: lethally poisoned (-4 -> -4), petrified
A: no striking features
a: Heroism, Renounce Religion


You were on level 8 of the Dungeon.
You worshipped Okawaru.
Okawaru was greatly pleased with you.
You were not hungry.

You visited 1 branch of the dungeon, and saw 8 of its levels.

You collected 392 gold pieces.

Inventory:

Hand Weapons
 a - a +1 long sword (weapon)
 o - a +1 dagger of venom
 u - a +1 vampiric rapier
Missiles
 g - 22 boomerangs (quivered)
 n - 7 silver javelins
 B - 2 throwing nets
Armour
 c - a +1 kite shield (worn)
 e - a +0 cloak of poison resistance (worn)
 h - +0 gold dragon scales
 l - a +0 chain mail (worn)
Jewellery
 b - an uncursed ring of flight
 i - a ring of protection from cold (right hand)
 p - a +2 ring of dexterity (left hand)
 r - an amulet of faith (around neck)
 y - an uncursed ring of fire
Wands
 t - a wand of clouds (8)
Scrolls
 j - 5 scrolls of teleportation
 q - 3 scrolls of enchant weapon
 s - a scroll of enchant armour
 A - 2 scrolls of fog
Potions
 d - 2 potions of might
 k - 4 potions of heal wounds
 m - 4 potions of curing
 v - a potion of cancellation
 w - a potion of flight
 z - a potion of invisibility {unknown}
 C - a potion of mutation {unknown}
Comestibles
 f - 13 rations
 x - a chunk of flesh


   Skills:
 + Level 10.5 Fighting
 + Level 10.3 Long Blades
 - Level 3.0 Armour
 - Level 3.0 Shields


You had 9 spell levels left.
You didn't know any spells.
Your spell library contained the following spells:

 Spells                   Type           Power        Failure   Level  Hunger
 Magic Dart               Conj           #...         100%        1    ##.....
 Searing Ray              Conj           #.....       100%        2    ###....
 Confusing Touch          Hex            #.......     100%        3    ####...
 Dazzling Flash           Conj/Hex       #.....       100%        3    ####...
 Gell's Gravitas          Tloc           #.........   100%        3    ####...
 Fulminant Prism          Conj/Hex       #.........   100%        4    #####..
 Iskenderun's Mystic Bla  Conj/Tloc      #.......     100%        4    #####..
 Petrify                  Tmut/Erth      #.......     100%        4    #####..
 Metabolic Englaciation   Hex/Ice        #.........   100%        5    ######.
 Yara's Violent Unravell  Hex/Tmut       #.........   100%        5    ######.


Dungeon Overview and Level Annotations

Branches:
Dungeon (8/15)             Temple (0/1) D:7
   Lair: D:8-11

Altars:
Ashenzari
Cheibriados
Elyvilon
Gozag
Hepliaklqana
Kikubaaqudgha
Okawaru
Ru
Sif Muna
Vehumet
Wu Jian

Annotations:
D:4 1 transporter, Pikel; synesthesia's ghost, amateur HOMo


Message History

You are slowing down.
The basilisk changes into a spiny frog!
Your limbs are stiffening.
You have turned to stone.
The two-headed ogre hits you with a +0 giant spiked club!!
The two-headed ogre hits you with a +0 giant spiked club!
The spiny frog stings you!!
The two-headed ogre hits you with a +0 giant spiked club!!
The two-headed ogre hits you with a +0 giant spiked club.
The spiny frog stings you!
The two-headed ogre hits you with a +0 giant spiked club!!
* * * LOW HITPOINT WARNING * * *
The two-headed ogre hits you with a +0 giant spiked club!
* * * LOW HITPOINT WARNING * * *
The spiny frog stings you but does no damage.
The spiny frog stings you!
* * * LOW HITPOINT WARNING * * *
The two-headed ogre hits you with a +0 giant spiked club.
* * * LOW HITPOINT WARNING * * *
The two-headed ogre hits you with a +0 giant spiked club!
You die...

#...# #.#.### ###.#...#
#.#.###.##########
#...##...........#
#..<...#.#.#.#.#.
########..#...#.#.#.#.#
##
...>...).#.#.#.#.#.#.#..#
....##..@#.#.#.#.#.#.#..#
.##....FO#...#.#.#.#.#).#
##..##..#......."......#
.#
#.......#.#########....#
#.# #....#..#.# #.####
#.##.......#.#
######.####
.#.#..C.##...#
#.........#
.##......#...#
#.#######.#
##.#....#.#...# #.# #.#


You could see a two-headed ogre, a cyclops and a spiny frog shaped shifter.

Vanquished Creatures
  Joseph (D:7)
  Psyche (D:7)
  A spriggan (D:7)
  Eustachio (D:6)
  A steam dragon (D:7)
  A hungry ghost (D:7)
  An orc warrior (D:6)
  A sky beast (D:8)
  3 slaves (D:4)
  9 ogres
  4 centaurs
  3 bullfrogs
  A water moccasin skeleton (D:7)
  A scorpion (D:4)
  A howler monkey (D:5)
  A bullfrog zombie (D:6)
  A centaur zombie (D:6)
  4 crimson imps
  4 hounds
  A jelly (D:6)
  5 orc priests
  4 orc wizards
  A centaur skeleton (D:6)
  2 iguanas
  3 worker ants
  A hound skeleton (D:8)
  A worker ant zombie (D:7)
  5 adders
  5 gnolls
  2 adder zombies
  3 worms
  3 dart slugs (D:1)
  5 leopard geckos
  25 orcs
  2 giant cockroaches
  9 goblins
  8 hobgoblins
  4 jackals (D:4)
  2 quokkas
  3 ball pythons
  A ball python skeleton (D:4)
  8 bats
  7 frilled lizards
  A jackal zombie (D:5)
  4 kobolds
  2 rats
157 creatures vanquished.

Notes
Turn   | Place    | Note
-------+----------+-------------------------------------------
     0 | D:1      | Faca the Human Fighter began the quest for the Orb.
     0 | D:1      | Reached XP level 1. HP: 18/18 MP: 1/1
    52 | D:1      | Reached XP level 2. HP: 20/24 MP: 2/2
   246 | D:1      | Reached XP level 3. HP: 20/29 MP: 3/3
  1018 | D:1      | Reached XP level 4. HP: 5/37 MP: 4/4
  1613 | D:2      | Reached XP level 5. HP: 42/42 MP: 5/5
  1836 | D:2      | Found a shimmering blue altar of Sif Muna.
  1836 | D:2      | Found a shattered altar of Ashenzari.
  1993 | D:2      | Found an iron altar of Okawaru.
  2001 | D:2      | Became a worshipper of Warmaster Okawaru
  2366 | D:3      | Reached XP level 6. HP: 37/50 MP: 6/6
  2596 | D:3      | Reached skill level 5 in Fighting
  2786 | D:3      | Reached * piety under Okawaru
  3185 | D:4      | Noticed an ogre
  3185 | D:4      | Noticed an ogre
  3196 | D:4      | Killed an ogre
  3196 | D:4      | Reached skill level 5 in Long Blades
  3196 | D:4      | Reached XP level 7. HP: 10/56 MP: 7/7
  3740 | D:4      | Found a transporter.
  3743 | D:4      | Noticed synesthesia's ghost (amateur HOMo)
  3769 | D:4      | Found a transporter.
  4115 | D:4      | Reached XP level 8. HP: 65/65 MP: 8/8
  4243 | D:4      | Noticed a hornet
  4496 | D:4      | Reached ** piety under Okawaru
  4920 | D:5      | Entered Level 5 of the Dungeon
  5095 | D:5      | Noticed Pikel
  6093 | D:5      | Found an opulent altar of Gozag.
  6475 | D:5      | Found a white marble altar of Elyvilon.
  6536 | D:6      | Noticed Eustachio
  6554 | D:6      | Killed Eustachio
  6554 | D:6      | Reached XP level 9. HP: 66/74 MP: 7/9
  6916 | D:6      | Found a snail-covered altar of Cheibriados.
  6935 | D:6      | Reached *** piety under Okawaru
  7043 | D:6      | Found an ancient bone altar of Kikubaaqudgha.
  7731 | D:6      | Found an ornate altar of the Wu Jian Council.
  7786 | D:7      | Noticed Joseph
  7806 | D:7      | Killed Joseph
  8077 | D:7      | Reached **** piety under Okawaru
  8293 | D:7      | Found a staircase to the Ecumenical Temple.
  8427 | D:7      | Reached XP level 10. HP: 82/84 MP: 7/10
  8631 | D:7      | Found a sacrificial altar of Ru.
  8650 | D:7      | Reached skill level 10 in Fighting
  8686 | D:7      | Found a hazy altar of Hepliaklqana.
  8730 | D:7      | Found a radiant altar of Vehumet.
  9276 | D:8      | Noticed Psyche
  9368 | D:7      | Killed Psyche
  9368 | D:7      | Reached skill level 10 in Long Blades
  9902 | D:8      | Noticed a two-headed ogre
  9903 | D:8      | Noticed a cyclops
  9904 | D:8      | Noticed a spiny frog
  9904 | D:8      | a human changed into a spiny frog
  9920 | D:8      | a spiny frog changed into a basilisk
  9926 | D:8      | Noticed a spiny frog
  9926 | D:8      | a basilisk changed into a spiny frog
  9934 | D:8      | HP: 4/86 [spiny frog (shapeshifter) (7)]
  9935 | D:8      | Slain by a two-headed ogre

Levels and vault maps discovered:
D:1:      ebering_trefoil_3fold, layout_basic
D:2:      layout_basic, kennysheep_okawaru_gauntlet,
          gammafunk_temple_overflow_statue, first_ration, kennysheep_path_1
D:3:      layout_rooms, gup_sewer_entry_bubbles, minmay_unequal
D:4:      layout_gridville, gammafunk_ghost_stat_death, lightli_corner_chamber
D:5:      layout_cave_pools, grunt_gozag_statues,
          nicolae_overflow_hidden_temple, uniq_pikel
D:6:      layout_loops_ring, nicolae_overflow_crystal_walls,
          kennysheep_mini_moat, kennysheep_little_box, uniq_eustachio
D:7:      layout_basic, old_standard_altar, kennysheep_mini, vehumet_crystals,
          minmay_temple_entry_sparse_star, the_bakery, minmay_chambers_of_fives,
          uniq_joseph
D:8:      minmay_ornate_pinched, layout_basic, lemuel_round_altar,
          old_standard_altar, minmay_misc_feat_rows, hangedman_decor_opposing,
          uniq_maurice, uniq_psyche

Skill      XL: |  1  2  3  4  5  6  7  8  9 10 |
---------------+-------------------------------+-----
Long Blades    | 3 4 5 6 7 9 10 | 10.3
Fighting       | 4 5 6 8 9 10 | 10.5
Armour         | |  3.0
Shields        | |  3.0

Action                   |  1- 3 |  4- 6 |  7- 9 | 10-12 || total
-------------------------+-------+-------+-------+-------++-------
Melee: Long sword        |    93 |   171 |   407 |    96 ||   767
Throw: Boomerang         |       |    16 |     8 |       ||    24
Invok: Heroism           |       |       |     6 |       ||     6
  Use: Scroll            |     4 |     5 |     7 |     2 ||    18
       Potion            |       |       |     1 |       ||     1
  Eat: Chunk             |       |     7 |    11 |     6 ||    24
       Ration            |       |       |     2 |       ||     2
Armor: Scale mail        |    58 |    62 |       |       ||   120
       Chain mail        |       |    12 |   249 |    45 ||   306
Dodge: Dodged            |    43 |    53 |    88 |    14 ||   198
Block: Kite shield       |    50 |    94 |   241 |    43 ||   428
       Rpst.: Long sword |    15 |    12 |    20 |     3 ||    50

Table legend:
 A = Non-vault XP
 B = Vault XP
 C = Vault XP percentage of total XP
 D = Non-vault monster count
 E = Vault monster count
 F = Vault count percentage of total count
                 A         B        C        D         E       F
            +---------+---------+-------+---------+---------+-------
      Total |    3735 |    1645 |  30.6 |     139 |      15 |   9.7
            +---------+---------+-------+---------+---------+-------
        D:1 |      75 |       0 |   0.0 |      25 |       0 |   0.0
        D:2 |     148 |       3 |   2.0 |      18 |       2 |  10.0
        D:3 |     257 |      47 |  15.5 |      14 |       5 |  26.3
        D:4 |     883 |       0 |   0.0 |      24 |       0 |   0.0
        D:5 |     397 |       0 |   0.0 |      12 |       0 |   0.0
        D:6 |     924 |     203 |  18.0 |      22 |       1 |   4.3
        D:7 |     775 |    1284 |  62.4 |      20 |       6 |  23.1
        D:8 |     276 |     108 |  28.1 |       4 |       1 |  20.0
            +---------+---------+-------+---------+---------+-------
